 Dungeon Crawl Stone Soup version 0.27-b1-41-gafb5482f4b (webtiles) character file.

Game seed: 5888795108296329524

8457 mhtbhm the Quickloader (level 11, -1/97 HPs)
             Began as a Minotaur Hunter on July 29, 2021.
             Was an Elder of Wu Jian.
             Slain by Erica (6 damage)
             ... on level 10 of the Dungeon.
             The game lasted 00:20:41 (12297 turns).

mhtbhm the Quickloader (Minotaur Hunter)           Turns: 12297, Time: 00:20:42

Health: -1/97      AC:  2    Str: 20    XL:     11   Next: 10%
Magic:  10/10      EV: 14    Int:  8    God:    Wu Jian [****..]
Gold:   499        SH:  4    Dex: 11    Spells: 10/10 levels left

rFire    . . .     SeeInvis +   a - +1 hand crossbow
rCold    + . .     Faith    .   t - +0 buckler
rNeg     + . .     Spirit   .   (no armour)
rPois    .         Reflect  .   (helmet restricted)
rElec    .         Harm     .   B - +0 cloak
rCorr    .         Rampage  .   (no gloves)
Will     .....                  v - +0 pair of boots
Stlth    ++........             o - amulet of regeneration
HPRegen  1.26/turn              g - ring of see invisible
MPRegen  0.12/turn              y - ring "Keas" {rC+ rN+}

@: slowed, very slow
A: horns 2, retaliatory headbutt
a: Renounce Religion, Wall Jump, Serpent's Lash


You were on level 10 of the Dungeon.
You worshipped Wu Jian.
Wu Jian was greatly pleased with you.
You visited 1 branch of the dungeon, and saw 10 of its levels.

You collected 876 gold pieces.
You spent 377 gold pieces at shops.

Inventory:

Hand Weapons
 a - a +1 hand crossbow (weapon)
 b - a +3 long sword
Missiles
 d - 11 bolts (quivered ammo)
 h - 7 curare-tipped darts
 L - a throwing net
Armour
 c - a +4 ring mail
 t - a +0 buckler (worn)
 v - a +0 pair of boots (worn)
 B - a +0 cloak (worn)
 H - a +2 pair of boots
Jewellery
 g - a ring of see invisible (left hand)
 o - an amulet of regeneration (around neck)
 p - a ring of flight
 w - a ring of ice
 y - the ring "Keas" (right hand) {rC+ rN+}
   (You found it on level 6 of the Dungeon)

   [ring of protection from cold]

   rC:        It protects you from cold.
   rN:        It protects you from negative energy.
 E - a ring of resist corrosion
Wands
 z - a wand of flame (13)
 N - a wand of acid (1)
Scrolls
 j - 3 scrolls of enchant armour
 k - 4 scrolls of teleportation
 s - 3 scrolls of fog
 u - a scroll of enchant weapon
 C - 2 scrolls of noise {unknown}
 D - a scroll of brand weapon {unknown}
 G - a scroll of blinking {unknown}
 J - a scroll of acquirement {unknown}
 K - a scroll of amnesia {unknown}
 M - a scroll of immolation {unknown}
 O - 2 scrolls of identify
Potions
 e - a potion of cancellation
 f - a potion of haste
 i - 2 potions of attraction
 l - 4 potions of flight
 m - 2 potions of lignification
 n - a potion of curing
 q - 2 potions of mutation {unknown}
 r - 2 potions of might {unknown}
 x - 2 potions of berserk rage {unknown}
 A - a potion of ambrosia {unknown}
 F - a potion of brilliance {unknown}
 I - a potion of degeneration {unknown}


   Skills:
 + Level 9.2 Fighting
 + Level 9.3(9.6) Short Blades
 + Level 3.3(7.3) Long Blades
 + Level 9.4 Crossbows
 + Level 7.1 Armour
 + Level 6.9 Dodging
 + Level 3.4 Stealth
 + Level 4.1 Shields
 + Level 1.4 Evocations


You had 10 spell levels left.
You didn't know any spells.
Your spell library contained the following spells:

 Spells                   Type           Power      Damage    Failure   Level
 Animate Skeleton         Necr           0%         N/A       41%         1
 Apportation              Tloc           0%         N/A       41%         1
 Corona                   Hex            0%         N/A       41%         1
 Summon Small Mammal      Summ           0%         N/A       41%         1
 Corpse Rot               Necr/Air       N/A        N/A       54%         2
 Slow                     Hex            0%         N/A       54%         2
 Call Canine Familiar     Summ           0%         N/A       78%         3
 Confusing Touch          Hex            0%         N/A       78%         3
 Dazzling Flash           Conj/Hex       0%         N/A       78%         3
 Frozen Ramparts          Ice            0%         1d2       78%         3
 Ozocubu's Armour         Ice            0%         N/A       78%         3
 Portal Projectile        Hex/Tloc       0%         N/A       78%         3
 Stone Arrow              Conj/Erth      0%         3d7       78%         3
 Vampiric Draining        Necr           0%         2d6       78%         3
 Dispel Undead            Necr           0%         3d6       99%         4
 Ice Form                 Ice/Tmut       0%         N/A       99%         4
 Leda's Liquefaction      Hex/Erth       0%         N/A       99%         4
 Summon Ice Beast         Ice/Summ       0%         N/A       99%         4
 Agony                    Necr           0%         N/A       100%        5
 Bolt of Magma            Conj/Fire/Erth 0%         4d4       100%        5
 Silence                  Hex/Air        0%         N/A       100%        5
 Death Channel            Necr           0%         N/A       100%        6
 Malign Gateway           Summ/Tloc      0%         N/A       100%        7
 Ozocubu's Refrigeration  Ice            0%         4d5       100%        7
 Summon Horrible Things   Summ           0%         N/A       100%        8
 Shatter                  Erth           0%         3d5*      100%        9


Dungeon Overview and Level Annotations

Branches:
Dungeon (10/15)            Temple (0/1) D:5            Lair (0/6) D:9
    Orc: D:9-12

Altars:
Hepliaklqana
Makhleb
Qazlal
Sif Muna
Trog
Uskayaw
Wu Jian
Yredelemnul

Shops:
D:2 !   D:9 [[

Annotations:
D:9 alchemist hat
D:10 Erica


Innate Abilities, Weirdness & Mutations

You have a pair of horns on your head.
You reflexively headbutt those who attack you in melee.


Message History

Aim: Erica, wielding a +4 scimitar of flaming and wearing a +0 robe (moderately wounded, slightly transparent, 66% to hit)
You shoot a bolt. The bolt closely misses Erica.
Erica hits you with a +4 scimitar of flaming!
Erica burns you.
Erica hits you with a +4 scimitar of flaming!
* * * LOW HITPOINT WARNING * * *
Erica burns you.
* * * LOW HITPOINT WARNING * * *
Fire: 11 bolts
Press: ? - help, Q - select action, (/) - cycle Shift-Dir - straight line, f/p - Erica
Aim: Erica, wielding a +4 scimitar of flaming and wearing a +0 robe (moderately wounded, slightly transparent, 66% to hit)
Okay, then.
Aiming: Corrosive Bolt
Press: ? - help, Shift-Dir - straight line, f/p - Erica
Aim: Erica, wielding a +4 scimitar of flaming and wearing a +0 robe (moderately wounded, slightly transparent, 68% to hit)
The bolt of acid hits Erica!
Erica is splashed with acid.
The acid corrodes Erica!
Erica is heavily wounded.
Erica hits you with a +4 scimitar of flaming!
* * * LOW HITPOINT WARNING * * *
Erica burns you!
* * * LOW HITPOINT WARNING * * *
Unknown command.
Unknown command.
Unknown command.
Okay, then.
Aiming: Corrosive Bolt
Press: ? - help, Shift-Dir - straight line, f/p - Erica
Aim: Erica, wielding a +4 scimitar of flaming and wearing a +0 robe (heavily wounded, slightly transparent, covered in acid, 68% to hit)
Okay, then.
Okay, then.
Aiming: Corrosive Bolt
Press: ? - help, Shift-Dir - straight line, f/p - Erica
Aim: Erica, wielding a +4 scimitar of flaming and wearing a +0 robe (heavily wounded, slightly transparent, covered in acid, 68% to hit)
The bolt of acid hits Erica!
Erica is splashed with acid!
Erica is almost dead.
Erica barely misses you.
Erica screams, "Do you want it fast or slow?!"
Erica hits you with a +4 scimitar of flaming.
You die...

..##........##...........#
.........................#
............###.####.#####
..##........###.# #.....#
.. ##..##.......
#.##..##........
#....###........
####.###........
...#....@........
..........@.....(. .#
.................. .#
.....................
.###.....................
.........................
#..#............/........
....#..................(.
....... ...#.....##..(..#


You could see Erica (invisible, corroded).

Vanquished Creatures
  A two-headed ogre (D:10)
  The ghost of Nausicaa the Grappler, a novice TrDe (D:9)
  A kobold demonologist (D:9)
  The ghost of Nausicaa the Ruffian, an amateur TrDe (D:8)
  A hornet (D:10)
  A shadow (D:9)
  5 wraiths (D:8)
  A wyvern (D:10)
  8 yaks
  Menkaure (D:4)
  An acid dragon (D:8)
  2 water moccasins
  Duvessa (D:6)
  3 orc warriors
  A black bear (D:6)
  A sky beast (D:6)
  2 necrophages
  3 ice beasts
  3 ogres
  3 centaurs
  A kobold brigand (D:8)
  A bullfrog (D:8)
  Dowan (D:6)
  4 scorpions
  12 killer bees
  13 wights
  2 howler monkeys (D:7)
  A bullfrog zombie (D:7)
  A bullfrog skeleton (D:2)
  6 orc priests
  3 hounds
  Crazy Yiuf (D:6)
  3 iguanas
  Natasha (D:4)
  13 orc wizards
  3 gnolls (D:3)
  5 adders
  2 white imps (D:7)
  A dart slug (D:3)
  28 orcs
  2 bats (D:3)
  5 endoplasms
  5 giant cockroaches
  4 goblins
  6 hobgoblins
  11 jackals
  5 quokkas
  A ball python (D:2)
  2 frilled lizards (D:1)
  11 kobolds
  5 rats
200 creatures vanquished.

Vanquished Creatures (others)
  An iguana (D:6)
  3 fungi (D:6)
4 creatures vanquished.

Grand Total: 204 creatures vanquished

Notes
Turn   | Place    | Note
-------+----------+-------------------------------------------
     0 | D:1      | mhtbhm the Minotaur Hunter began the quest for the Orb.
     0 | D:1      | Reached XP level 1. HP: 18/18 MP: 0/0
    80 | D:1      | Found a faded altar of an unknown god.
   167 | D:1      | Became a worshipper of the Wu Jian Council
   167 | D:1      | Reached * piety under Wu Jian
   225 | D:1      | Reached XP level 2. HP: 25/25 MP: 1/1
   842 | D:2      | Reached skill level 5 in Crossbows
   920 | D:2      | Reached ** piety under Wu Jian
  1156 | D:2      | Reached XP level 3. HP: 27/31 MP: 2/2
  1201 | D:2      | Found Vudoetut's Distillery.
  1220 | D:2      | Bought a potion of heal wounds for 65 gold pieces
  1220 | D:2      | Bought 2 potions of curing for 78 gold pieces
  1510 | D:2      | Bought a potion of flight for 39 gold pieces
  1553 | D:3      | Reached skill level 1 in Armour
  1553 | D:3      | Reached skill level 1 in Stealth
  1553 | D:3      | Reached XP level 4. HP: 6/38 MP: 3/3
  1906 | D:3      | Reached skill level 1 in Short Blades
  2099 | D:3      | Reached XP level 5. HP: 38/45 MP: 4/4
  2377 | D:3      | Found a basalt altar of Yredelemnul.
  2581 | D:3      | Found a hide-covered altar of Uskayaw.
  2636 | D:3      | Found a burning altar of Makhleb.
  3010 | D:4      | Reached XP level 6. HP: 40/52 MP: 5/5
  3128 | D:4      | Noticed Menkaure
  3137 | D:4      | Killed Menkaure
  3142 | D:4      | Found a stormy altar of Qazlal.
  3142 | D:4      | Found a hazy altar of Hepliaklqana.
  3143 | D:4      | Found a shimmering blue altar of Sif Muna.
  3432 | D:4      | Reached *** piety under Wu Jian
  3664 | D:4      | Noticed Natasha
  3670 | D:4      | Killed Natasha
  3787 | D:5      | Entered Level 5 of the Dungeon
  3799 | D:5      | Found a staircase to the Ecumenical Temple.
  3806 | D:5      | Reached XP level 7. HP: 60/60 MP: 6/6
  4212 | D:5      | Reached skill level 5 in Fighting
  4440 | D:5      | Reached XP level 8. HP: 65/68 MP: 7/7
  4817 | D:6      | Identified the ring "Keas" {rC+ rN+}
  5024 | D:6      | Reached skill level 1 in Shields
  5220 | D:6      | Reached skill level 5 in Short Blades
  5787 | D:6      | Found a bloodstained altar of Trog.
  5958 | D:6      | Noticed Duvessa
  5959 | D:6      | Noticed Dowan
  5965 | D:6      | Killed Duvessa
  5973 | D:6      | Killed Dowan
  6141 | D:6      | Found a runed translucent door.
  6145 | D:6      | Noticed Crazy Yiuf
  6152 | D:6      | Killed Crazy Yiuf
  6153 | D:6      | Reached skill level 5 in Armour
  6233 | D:7      | Reached XP level 9. HP: 74/75 MP: 8/8
  6623 | D:7      | Noticed a purple ugly thing
  6637 | D:7      | HP: 2/75 [purple ugly thing (12)]
  7576 | D:8      | Reached skill level 5 in Dodging
  7765 | D:8      | Reached **** piety under Wu Jian
  8257 | D:8      | Found a runed translucent gate.
  8268 | D:8      | Found a runed translucent gate.
  8269 | D:8      | Found a runed translucent gate.
  8271 | D:8      | Noticed Nausicaa's ghost (amateur TrDe)
  8335 | D:8      | Reached XP level 10. HP: 85/85 MP: 9/9
  8354 | D:8      | Killed Nausicaa's ghost
  8669 | D:8      | Identified the +1 ring mail of Theory {rF+}
  9067 | D:9      | Reached skill level 1 in Evocations
  9094 | D:9      | Found Qehusexu's Antique Armour Shop.
  9461 | D:9      | Found a large runed translucent door.
  9462 | D:9      | Found a large runed translucent door.
  9470 | D:9      | Noticed Nausicaa's ghost (novice TrDe)
  9494 | D:9      | Identified the +5 robe of the Cuttlefish {rPois}
  9598 | D:9      | Found Koukhorph's Antique Armour Boutique.
  9604 | D:9      | Killed Nausicaa's ghost
  9752 | D:9      | Bought a pair of runed boots for 195 gold pieces
 10561 | D:9      | Found a staircase to the Lair.
 10890 | D:9      | Reached skill level 1 in Long Blades
 11244 | D:10     | Entered Level 10 of the Dungeon
 11261 | D:10     | Noticed a two-headed ogre
 11297 | D:10     | Killed a two-headed ogre
 11667 | D:10     | Reached XP level 11. HP: 82/97 MP: 10/10
 12284 | D:10     | Noticed Erica
 12296 | D:10     | HP: 3/97 [Erica (8)]
 12297 | D:10     | Slain by Erica

Illustrated notes

Levels and vault maps discovered:
D:1:      psy_arrival_terrarium, layout_basic, chequers_ecumenical_altar_twisty
D:2:      layout_loops_ring, serial_shops, shop_coins
D:3:      cheibrodos_helix_gallery, layout_basic,
          mainiacjoe_overflow_tiny_flanked, mainiacjoe_overflow_two_lobes
D:4:      layout_basic, chequers_temple_overflow_statue_of_worship,
          uniq_natasha, uniq_menkaure
D:5:      layout_loops_ring, minmay_temple_entry_gardened_gates
D:6:      layout_loops_corners, kennysheep_little_box, uniq_duvessa,
          uniq_crazy_yiuf_cottage
D:7:      layout_cave_pods
D:8:      layout_loops_ring, gammafunk_ghost_spectres, kennysheep_generic_room_5
D:9:      layout_cave_pods, lair_entry_dummy, ebering_ghost_disaster_area,
          serial_shops, nicolae_diamond_shop, shop
D:10:     layout_rooms, uniq_erica

Skill      XL: |  1  2  3  4  5  6  7  8  9 10 11 |
---------------+----------------------------------+-----
Crossbows      | 5 6 7 8 9 |  9.4
Fighting       | 3 4 5 6 7 9 |  9.2
Armour         | 1 2 3 5 6 7 |  7.1
Stealth        | 1 2 3 |  3.4
Short Blades   | 1 2 4 6 8 9 |  9.3
Dodging        | 3 4 5 6 |  6.9
Shields        | 1 3 4 |  4.1
Evocations     | 1 |  1.4
Long Blades    | 2 3 |  3.3

Action                   |  1- 3 |  4- 6 |  7- 9 | 10-12 || total
-------------------------+-------+-------+-------+-------++-------
Melee: Short sword       |    30 |    56 |   304 |   108 ||   498
       Headbutt          |     3 |     6 |    56 |    30 ||    95
       Dagger            |       |       |       |    40 ||    40
       Long sword        |       |       |       |    55 ||    55
 Fire: Hand crossbow     |    39 |    51 |    25 |    71 ||   186
Invok: Lunge             |     2 |     4 |    15 |     6 ||    27
       Whirlwind         |     3 |     2 |       |     6 ||    11
       Serpent's Lash    |       |       |     1 |       ||     1
Evoke: Wand              |       |       |     3 |     8 ||    11
  Use: Potion            |     1 |     3 |     6 |     4 ||    14
       Scroll            |       |     2 |     8 |     3 ||    13
 Stab: Sleeping          |     2 |     2 |       |     1 ||     5
Armor: Leather armour    |    10 |    13 |    30 |     7 ||    60
       Skin              |       |       |    12 |    23 ||    35
       Ring mail         |       |       |       |    12 ||    12
Dodge: Dodged            |    27 |    43 |   102 |    94 ||   266
Block: Buckler           |       |     2 |    29 |    24 ||    55
       Rpst.: Long sword |       |       |       |     9 ||     9
